| TOP OF THE 1ST |
|
Boston (APP) Red Sox batting - Pitching for Cleveland (APP) Indians : RHP Ricardo Torres
|
|
Pitching: RHP Ricardo Torres
|
|
|
Batting: RHB Kirk Cully
|
0-0: Ball 1-0: Swinging Strike 1-1: DOUBLE (Flyball, 8LXD, EV 87.5 MPH)
|
|
Batting: RHB Bob Reichley
|
0-0: Ground out U3 (Groundball, 34, EV 98.8 MPH) Kirk Cully to third
|
|
Batting: SHB Matsudaira Ikeda
|
0-0: Ball 1-0: Ball 2-0: Ball 3-0: Called Strike 3-1: Called Strike 3-2: Foul Ball, location: 2F 3-2: Strikes out swinging
|
|
Batting: RHB Felix Rangel
|
0-0: Hit by Pitch
|
|
Batting: RHB Eric Kent
|
0-0: Called Strike 0-1: Foul Ball, location: 2F 0-2: Strikes out swinging
|
| Top of the 1st over - 0 runs, 1 hit, 0 errors, 2 left on base; Boston (APP) 0 - Cleveland (APP) 0 |
| BOTTOM OF THE 1ST |
|
Cleveland (APP) Indians batting - Pitching for Boston (APP) Red Sox : RHP Jim Horwood
|
|
Pitching: RHP Jim Horwood
|
|
|
Batting: SHB Jack Tierney
|
0-0: Ball 1-0: Ball 2-0: Ball 3-0: Called Strike 3-1: Base on Balls
|
|
Batting: RHB Makoto Narita
|
0-0: Ball Jack Tierney steals 2nd base 1-0: Ball 2-0: Ball 3-0: Base on Balls
|
|
Batting: SHB Jay Rook
|
0-0: Ball 1-0: Ball 2-0: Ball 3-0: Called Strike 3-1: Base on Balls Jack Tierney to third Makoto Narita to second
|
|
Batting: LHB Mesfin Azagba
|
0-0: Ball 1-0: Ball 2-0: Called Strike 2-1: Ball 3-1: Base on Balls Jack Tierney scores Makoto Narita to third Jay Rook to second
|
|
Batting: RHB Xavier Bartolani
|
0-0: Grounds into double play, 4-6-3 (Groundball, 4M, EV 99.4 MPH) Makoto Narita scores Jay Rook to third
|
|
Batting: RHB Cruz Castro
|
0-0: Ball 1-0: Ball 2-0: Ground out 6-3 (Groundball, 4MS, EV 71.9 MPH)
|
| Bottom of the 1st over - 2 runs, 0 hits, 0 errors, 1 left on base; Boston (APP) 0 - Cleveland (APP) 2 |
| TOP OF THE 2ND |
|
Boston (APP) Red Sox batting - Pitching for Cleveland (APP) Indians : RHP Ricardo Torres
|
|
Batting: SHB Arihito Hiramoto
|
0-0: Ball 1-0: Ball 2-0: Ball 3-0: Foul Ball, location: 2F 3-1: Called Strike 3-2: Foul Ball, location: 2F 3-2: Base on Balls
|
|
Batting: RHB Estevan Carrillo
|
0-0: Ball 1-0: Ball 2-0: Called Strike 2-1: Swinging Strike 2-2: Ball 3-2: Strikes out swinging
|
|
Batting: RHB Luis Nino
|
0-0: Fly out, F7 (Flyball, 7, EV 95.6 MPH)
|
|
Batting: RHB Mo Tsang
|
0-0: Called Strike 0-1: Foul Ball, location: 2F 0-2: Ball 1-2: Foul Ball, location: 2F 1-2: Ball Wild Pitch! Arihito Hiramoto to second 2-2: Strikes out swinging
|
| Top of the 2nd over - 0 runs, 0 hits, 0 errors, 1 left on base; Boston (APP) 0 - Cleveland (APP) 2 |
| BOTTOM OF THE 2ND |
|
Cleveland (APP) Indians batting - Pitching for Boston (APP) Red Sox : RHP Jim Horwood
|
|
Batting: RHB Russ Kennett
|
0-0: Fly out, F9 (Flyball, 89S, EV 92.5 MPH)
|
|
Batting: SHB Luis de Leon
|
0-0: Ball 1-0: Fly out, F8 (Flyball, 8LD, EV 95.6 MPH)
|
|
Batting: SHB Bob Ledlow
|
0-0: Ball 1-0: Ball 2-0: Called Strike 2-1: Swinging Strike 2-2: Foul Ball, location: 2F 2-2: Strikes out looking
|
| Bottom of the 2nd over - 0 runs, 0 hits, 0 errors, 0 left on base; Boston (APP) 0 - Cleveland (APP) 2 |
| TOP OF THE 3RD |
|
Boston (APP) Red Sox batting - Pitching for Cleveland (APP) Indians : RHP Ricardo Torres
|
|
Batting: RHB Kirk Cully
|
0-0: Ball 1-0: Ground out 4-3 (Groundball, 4, EV 98.1 MPH)
|
|
Batting: RHB Bob Reichley
|
0-0: Called Strike 0-1: Ball 1-1: DOUBLE (Line Drive, 7LS, EV 108.8 MPH)
|
|
Batting: SHB Matsudaira Ikeda
|
0-0: Ball 1-0: Called Strike 1-1: Ball 2-1: Ground out 4-3 (Groundball, 4, EV 103.8 MPH) Bob Reichley to third
|
|
Batting: RHB Felix Rangel
|
0-0: Called Strike 0-1: Foul Ball, location: 2F 0-2: Ball 1-2: Foul Ball, location: 2F 1-2: Ball 2-2: Ball 3-2: Strikes out swinging
|
| Top of the 3rd over - 0 runs, 1 hit, 0 errors, 1 left on base; Boston (APP) 0 - Cleveland (APP) 2 |
| BOTTOM OF THE 3RD |
|
Cleveland (APP) Indians batting - Pitching for Boston (APP) Red Sox : RHP Jim Horwood
|
|
Batting: SHB Jack Tierney
|
0-0: Foul Ball, location: 2F 0-1: Ball 1-1: Foul Ball, location: 2F 1-2: Ball 2-2: Ball 3-2: Foul Ball, location: 2F 3-2: Ground out 6-3 (Groundball, 6, EV 85.0 MPH)
|
|
Batting: RHB Makoto Narita
|
0-0: Ball 1-0: Ball 2-0: Foul Ball, location: 2F 2-1: Ball 3-1: Base on Balls
|
|
Batting: SHB Jay Rook
|
0-0: Called Strike 0-1: Foul Ball, location: 2F 0-2: Hit by Pitch Makoto Narita to second
|
|
Batting: LHB Mesfin Azagba
|
0-0: Ball 1-0: Called Strike 1-1: Swinging Strike 1-2: Foul Ball, location: 2F 1-2: Strikes out swinging
|
|
Batting: RHB Xavier Bartolani
|
0-0: Called Strike 0-1: Ball 1-1: Fielders Choice at 2nd, 6-4 (Groundball, 6, EV 107.5 MPH)
|
| Bottom of the 3rd over - 0 runs, 0 hits, 0 errors, 2 left on base; Boston (APP) 0 - Cleveland (APP) 2 |
| TOP OF THE 4TH |
|
Boston (APP) Red Sox batting - Pitching for Cleveland (APP) Indians : RHP Ricardo Torres
|
|
Batting: RHB Eric Kent
|
0-0: Ball 1-0: Ball 2-0: Swinging Strike 2-1: Ball 3-1: Base on Balls
|
|
Batting: SHB Arihito Hiramoto
|
0-0: Ball 1-0: Ball 2-0: Foul Ball, location: 2F 2-1: Grounds into double play, 4-6-3 (Groundball, 34S, EV 91.9 MPH)
|
|
Batting: RHB Estevan Carrillo
|
0-0: Called Strike 0-1: Ball 1-1: Ground out 6-3 (Groundball, 6, EV 88.1 MPH)
|
| Top of the 4th over - 0 runs, 0 hits, 0 errors, 0 left on base; Boston (APP) 0 - Cleveland (APP) 2 |
| BOTTOM OF THE 4TH |
|
Cleveland (APP) Indians batting - Pitching for Boston (APP) Red Sox : RHP Jim Horwood
|
|
Batting: RHB Cruz Castro
|
0-0: Called Strike 0-1: Swinging Strike 0-2: Ball 1-2: Foul Ball, location: 2F 1-2: Ball 2-2: Ball 3-2: Foul Ball, location: 2F 3-2: Base on Balls
|
|
Batting: RHB Russ Kennett
|
0-0: Ball 1-0: Swinging Strike 1-1: Swinging Strike 1-2: Strikes out swinging
|
|
Batting: SHB Luis de Leon
|
0-0: Ball 1-0: Ball 2-0: Ball 3-0: Base on Balls Cruz Castro to second
|
|
Batting: SHB Bob Ledlow
|
0-0: Ball 1-0: Ball 2-0: Ball 3-0: Base on Balls Cruz Castro to third Luis de Leon to second
|
|
Batting: SHB Jack Tierney
|
0-0: Called Strike 0-1: Foul Ball, location: 2F 0-2: Ball 1-2: Ball 2-2: Ball 3-2: Foul Ball, location: 2F 3-2: Base on Balls Cruz Castro scores Luis de Leon to third Bob Ledlow to second
|
|
Pitching: RHP Robby Arce
|
|
|
Batting: RHB Makoto Narita
|
0-0: Grounds into double play, 4-6-3 (Groundball, 4, EV 104.4 MPH)
|
| Bottom of the 4th over - 1 run, 0 hits, 0 errors, 2 left on base; Boston (APP) 0 - Cleveland (APP) 3 |
| TOP OF THE 5TH |
|
Boston (APP) Red Sox batting - Pitching for Cleveland (APP) Indians : RHP Ricardo Torres
|
|
Batting: RHB Luis Nino
|
0-0: Called Strike 0-1: Ball 1-1: Called Strike 1-2: Ball 2-2: Strikes out swinging
|
|
Batting: RHB Mo Tsang
|
0-0: Called Strike 0-1: Swinging Strike 0-2: Foul Ball, location: 2F 0-2: Strikes out swinging, 2-3 out at first.
|
|
Batting: RHB Kirk Cully
|
0-0: Ball 1-0: Ball 2-0: Ball 3-0: Called Strike 3-1: Base on Balls
|
|
Batting: RHB Bob Reichley
|
0-0: Ball 1-0: Ball 2-0: Called Strike Kirk Cully is caught stealing 2nd base 2-4
|
| Top of the 5th over - 0 runs, 0 hits, 0 errors, 0 left on base; Boston (APP) 0 - Cleveland (APP) 3 |
| BOTTOM OF THE 5TH |
|
Cleveland (APP) Indians batting - Pitching for Boston (APP) Red Sox : RHP Robby Arce
|
|
Batting: SHB Jay Rook
|
0-0: Called Strike 0-1: Foul Ball, location: 2F 0-2: Reached via error on a dropped throw from SS, E3 (Groundball, 4, EV 83.8 MPH)
|
|
Batting: LHB Mesfin Azagba
|
0-0: Ball 1-0: Ball 2-0: Ball 3-0: Base on Balls Jay Rook to second
|
|
Batting: RHB Xavier Bartolani
|
0-0: Ball 1-0: Fly out, F9 (Flyball, 9, EV 90.6 MPH)
|
|
Batting: RHB Cruz Castro
|
0-0: Called Strike 0-1: Fly out, F7 (Flyball, 78M, EV 98.1 MPH)
|
|
Batting: RHB Russ Kennett
|
0-0: Called Strike 0-1: Foul Ball, location: 2F 0-2: Fielders Choice at 2nd, 6-4 (Groundball, 56, EV 102.5 MPH)
|
| Bottom of the 5th over - 0 runs, 0 hits, 1 error, 2 left on base; Boston (APP) 0 - Cleveland (APP) 3 |
| TOP OF THE 6TH |
|
Boston (APP) Red Sox batting - Pitching for Cleveland (APP) Indians : RHP Ricardo Torres
|
|
Pitching: RHP Phil Kessler
|
|
|
Batting: RHB Bob Reichley
|
0-0: Ball 1-0: Ball 2-0: Called Strike 2-1: Ground out 6-3 (Groundball, 6, EV 105.0 MPH)
|
|
Batting: SHB Matsudaira Ikeda
|
0-0: Called Strike 0-1: Ball 1-1: Ball 2-1: Ball 3-1: Foul Ball, location: 2F 3-2: Foul Ball, location: 2F 3-2: Base on Balls
|
|
Batting: RHB Felix Rangel
|
0-0: Foul Ball, location: 2F 0-1: Fielders Choice at 2nd, 6-4 (Groundball, 6, EV 84.4 MPH)
|
|
Batting: RHB Eric Kent
|
0-0: Foul Ball, location: 2F 0-1: Fielders Choice at 2nd, 5-4 (Groundball, 56, EV 84.4 MPH)
|
| Top of the 6th over - 0 runs, 0 hits, 0 errors, 1 left on base; Boston (APP) 0 - Cleveland (APP) 3 |
| BOTTOM OF THE 6TH |
|
Cleveland (APP) Indians batting - Pitching for Boston (APP) Red Sox : RHP Robby Arce
|
|
Batting: SHB Luis de Leon
|
0-0: Called Strike 0-1: Ball 1-1: Swinging Strike 1-2: Strikes out swinging, 2-3 out at first.
|
|
Batting: SHB Bob Ledlow
|
0-0: Called Strike 0-1: Foul Ball, location: 2F 0-2: Strikes out swinging
|
|
Batting: SHB Jack Tierney
|
0-0: Called Strike 0-1: Ball 1-1: Called Strike 1-2: Strikes out swinging
|
| Bottom of the 6th over - 0 runs, 0 hits, 0 errors, 0 left on base; Boston (APP) 0 - Cleveland (APP) 3 |
| TOP OF THE 7TH |
|
Boston (APP) Red Sox batting - Pitching for Cleveland (APP) Indians : RHP Phil Kessler
|
|
Batting: SHB Arihito Hiramoto
|
0-0: Swinging Strike 0-1: Ground out 4-3 (Groundball, 4, EV 88.1 MPH)
|
|
Batting: RHB Estevan Carrillo
|
0-0: Ball 1-0: Called Strike 1-1: SINGLE (Line Drive, 7S, EV 111.2 MPH)
|
|
Pitching: RHP Warren Waldman
|
|
|
Batting: RHB Luis Nino
|
|
|
Pinch Hitting: LHB Kenny Jackson
|
0-0: Called Strike 0-1: Foul Ball, location: 2F 0-2: Ball 1-2: Foul Ball, location: 2F 1-2: Ball 2-2: Foul Ball, location: 2F 2-2: Ball 3-2: Base on Balls Estevan Carrillo to second
|
|
Batting: RHB Mo Tsang
|
0-0: Called Strike 0-1: Swinging Strike 0-2: Fielders Choice at 2nd, 5-4 (Groundball, 56, EV 81.2 MPH) Estevan Carrillo to third
|
|
Batting: RHB Kirk Cully
|
0-0: Foul Ball, location: 2F 0-1: Fly out, F9 (Flyball, 9, EV 82.5 MPH)
|
| Top of the 7th over - 0 runs, 1 hit, 0 errors, 2 left on base; Boston (APP) 0 - Cleveland (APP) 3 |
| BOTTOM OF THE 7TH |
|
Cleveland (APP) Indians batting - Pitching for Boston (APP) Red Sox : RHP Robby Arce
|
|
Now at 2B: Kenny Jackson
|
|
|
Now at 3B: Eric Kent
|
|
|
Batting: RHB Makoto Narita
|
0-0: Called Strike 0-1: Ball 1-1: Ball 2-1: Fly out, F8 (Flyball, 8RD, EV 103.1 MPH)
|
|
Batting: SHB Jay Rook
|
0-0: Ball 1-0: Fly out, F5 (Popup, 5, EV 73.1 MPH)
|
|
Batting: LHB Mesfin Azagba
|
0-0: Ball 1-0: Called Strike 1-1: Fly out, F7 (Flyball, 7, EV 78.1 MPH)
|
| Bottom of the 7th over - 0 runs, 0 hits, 0 errors, 0 left on base; Boston (APP) 0 - Cleveland (APP) 3 |
| TOP OF THE 8TH |
|
Boston (APP) Red Sox batting - Pitching for Cleveland (APP) Indians : RHP Warren Waldman
|
|
Now at 3B: Luke Burnham
|
|
|
Batting: RHB Bob Reichley
|
0-0: Ground out 5-3 (Groundball, 56S, EV 90.6 MPH)
|
|
Batting: SHB Matsudaira Ikeda
|
0-0: Ball 1-0: Ball 2-0: Foul Ball, location: 2F 2-1: Ball 3-1: Called Strike 3-2: Base on Balls
|
|
Batting: RHB Felix Rangel
|
0-0: Ball 1-0: Called Strike 1-1: Ball 2-1: Ball 3-1: Fly out, F9 (Line Drive, 9, EV 86.9 MPH)
|
|
Batting: RHB Eric Kent
|
0-0: Ball 1-0: Called Strike 1-1: Called Strike 1-2: Ball Wild Pitch! Matsudaira Ikeda to second 2-2: Strikes out looking
|
| Top of the 8th over - 0 runs, 0 hits, 0 errors, 1 left on base; Boston (APP) 0 - Cleveland (APP) 3 |
| BOTTOM OF THE 8TH |
|
Cleveland (APP) Indians batting - Pitching for Boston (APP) Red Sox : RHP Robby Arce
|
|
Batting: RHB Xavier Bartolani
|
0-0: Foul Ball, location: 2F 0-1: Foul Ball, location: 2F 0-2: Ball 1-2: Ball 2-2: Foul Ball, location: 2F 2-2: Foul Ball, location: 2F 2-2: Strikes out swinging
|
|
Batting: RHB Cruz Castro
|
0-0: Called Strike 0-1: Ball 1-1: Ball 2-1: Ball 3-1: Foul Ball, location: 2F 3-2: Reached on error, E8 (Flyball, 8RD, EV 77.5 MPH)
|
|
Batting: RHB Russ Kennett
|
0-0: Ball 1-0: Foul Ball, location: 2F 1-1: SINGLE (Groundball, 6MD, EV 95.6 MPH) Cruz Castro to third
|
|
Batting: SHB Luis de Leon
|
0-0: Foul Ball, location: 2F 0-1: Foul Ball, location: 2F 0-2: Ball 1-2: Ball 2-2: Ball 3-2: Ground out 6-3 (Groundball, 4, EV 100.6 MPH) Russ Kennett to second
|
|
Batting: SHB Bob Ledlow
|
0-0: Ball 1-0: Ball 2-0: Called Strike 2-1: Swinging Strike 2-2: Foul Ball, location: 2F 2-2: Strikes out swinging
|
| Bottom of the 8th over - 0 runs, 1 hit, 1 error, 2 left on base; Boston (APP) 0 - Cleveland (APP) 3 |
| TOP OF THE 9TH |
|
Boston (APP) Red Sox batting - Pitching for Cleveland (APP) Indians : RHP Warren Waldman
|
|
Pitching: RHP Chris Gomez
|
|
|
Batting: SHB Arihito Hiramoto
|
0-0: SINGLE (Groundball, 4, EV 99.4 MPH)
|
|
Pinch Hitting: SHB Jose Santiago
|
0-0: Ball 1-0: Ball 2-0: Foul Ball, location: 2F 2-1: Ball 3-1: Called Strike 3-2: Strikes out looking
|
|
Batting: LHB Kenny Jackson
|
0-0: SINGLE (Groundball, 5D, EV 103.1 MPH) Arihito Hiramoto to second
|
|
Pinch Hitting: RHB Vladmiri Nugaibekov
|
0-0: Ball Wild Pitch! Arihito Hiramoto to third Kenny Jackson to second 1-0: Ball 2-0: Called Strike 2-1: Called Strike 2-2: Ball 3-2: Foul Ball, location: 2F 3-2: Ground out 5-3 (Groundball, 5, EV 93.1 MPH)
|
|
Batting: RHB Kirk Cully
|
0-0: Foul Ball, location: 2F 0-1: Ball 1-1: Ball Wild Pitch! Arihito Hiramoto scores Kenny Jackson to third 2-1: Swinging Strike 2-2: Strikes out swinging
|
| Top of the 9th over - 1 run, 2 hits, 0 errors, 1 left on base; Boston (APP) 1 - Cleveland (APP) 3 |
|